 Dungeon Crawl Stone Soup version 0.21.1-1-g345015f (webtiles) character file.

38 inc the Cudgeler (level 3, 0/27 HPs)
             Began as a Demonspawn Gladiator on June 9, 2018.
             Succumbed to an adder's poison
             ... on level 2 of the Dungeon.
             The game lasted 00:01:53 (1053 turns).

inc the Cudgeler (Demonspawn Gladiator)             Turns: 1053, Time: 00:01:54

Health: 0/27       AC:  6    Str: 14    XL:     3   Next: 25%
Magic:  3/3        EV: 11    Int:  8    God:
Gold:   127        SH:  3    Dex: 14    Spells: 2/2 levels left

rFire    . . .     SeeInvis .   a - +0 flail
rCold    . . .     Gourm    .   (no shield)
rNeg     . . .     Faith    .   e - +0 ring mail
rPois    .         Spirit   .   c - +0 helmet
rElec    .         Reflect  +   (no cloak)
rCorr    .         Harm     .   (no gloves)
MR       .....                  (no boots)
Stlth    ++........             q - +3 amulet of reflection
HPRegen  0.09/turn              s - ring of stealth
MPRegen  0.08/turn              k - -2 ring of intelligence (curse)

@: lethally poisoned (0 -> -6)
A: demonic guardian 1
a: no special abilities


You were on level 2 of the Dungeon.
You were hungry.

You visited 1 branch of the dungeon, and saw 2 of its levels.

You collected 127 gold pieces.

Inventory:

Hand Weapons
 a - a +0 flail (weapon)
Missiles
 d - 3 throwing nets (quivered)
Armour
 b - a +0 leather armour
 c - a +0 helmet (worn)
 e - a +0 ring mail (worn)
Magical Staves
 t - an uncursed staff of power
Jewellery
 g - an uncursed ring of magical power
 k - a cursed -2 ring of intelligence (right hand)
 q - a +3 amulet of reflection (around neck)
 s - a ring of stealth (left hand)
Scrolls
 h - 2 scrolls of teleportation {unknown}
 j - 2 scrolls of immolation {unknown}
 l - a scroll of identify {unknown}
 m - a scroll of blinking {unknown}
 n - a scroll of fear {unknown}
 o - a scroll of magic mapping {unknown}
 p - 2 scrolls of remove curse {unknown}
 r - a scroll of fog {unknown}
Potions
 i - 3 potions of heal wounds {unknown}
Comestibles
 f - 6 rations


   Skills:
 - Level 2.0 Fighting
 + Level 4.0 Maces & Flails
 - Level 1.7 Throwing
 - Level 2.6 Dodging


You had 2 spell levels left.
You didn't know any spells.

Dungeon Overview and Level Annotations

Branches:
Dungeon (2/15)

Altars:


Innate Abilities, Weirdness & Mutations

A weak demonic guardian rushes to your aid.


Message History

The kobold hits you.
* * * LOW HITPOINT WARNING * * *
The adder bites you but does no damage. The kobold hits you but does no damage.
You miss the adder. The adder bites you.
* * * LOW HITPOINT WARNING * * *
You are lethally poisoned!
The adder poisons you! The kobold hits you but does no damage.
You closely miss the adder.
* * * LOW HITPOINT WARNING * * *
You feel sick. The adder closely misses you. The kobold barely misses you.
The adder bites you but does no damage.
You hit the adder but do no damage.
* * * LOW HITPOINT WARNING * * *
You feel sick. The adder barely misses you. The kobold barely misses you.
You miss the adder. The adder bites you but does no damage.
The kobold hits you.
* * * LOW HITPOINT WARNING * * *
The adder barely misses you.
You barely miss the adder.
You die...

#........#.#
#......###.#
#......# #.#
#....(.# #.#
#......###.#.
#...(........
##......##.#
#......#
#.?.@..#
......KS..#
#####.....#
#.....#
#.....#
#.....#
#.....#
##+####


You could see an adder and a kobold.

Vanquished Creatures
  A worm (D:2)
  A dart slug (D:1)
  5 bats
  A giant cockroach (D:1)
  2 goblins
  4 hobgoblins
  6 jackals (D:1)
  2 kobolds
  A quokka (D:2)
  2 frilled lizards
  5 rats
30 creatures vanquished.

Notes
Turn   | Place    | Note
-------+----------+-------------------------------------------
     0 | D:1      | inc the Demonspawn Gladiator began the quest for the Orb.
     0 | D:1      | Reached XP level 1. HP: 16/16 MP: 1/1
   205 | D:1      | Reached skill level 3 in Maces & Flails
   230 | D:1      | Gained mutation: A weak demonic guardian rushes to your aid. [demonic ancestry]
   230 | D:1      | Reached XP level 2. HP: 20/22 MP: 2/2
   818 | D:2      | Reached XP level 3. HP: 18/27 MP: 3/3
   924 | D:2      | Reached skill level 4 in Maces & Flails
  1052 | D:2      | HP: 1/27 [kobold (3)]
  1053 | D:2      | Succumbed to an adder's poison

Skill      XL: |  1  2  3 |
---------------+----------+-----
Maces & Flails | 3 4 |  4.0
Fighting       | |  2.0
Throwing       | |  1.7
Dodging        | |  2.6

Action                   || total
-------------------------++-------
Melee: Flail             ||    98
Armor: Ring mail         ||    52
Dodge: Dodged            ||    67
Block: Other             ||     5
